 Dungeon Crawl Stone Soup version 0.31.0-11-ge490571c62 (webtiles) character file.

Game seed: 411726412882689032

58 qw the Shooter (level 3, 0/18 HPs)
             Began as a Spriggan Hunter on Feb 3, 2024.
             Slain by Grinder (1 damage)
             ... while paralysed by Grinder
             ... on level 3 of the Dungeon.
             The game lasted 00:00:06 (1522 turns).

qw the Shooter (Spriggan Hunter)                    Turns: 1522, Time: 00:00:06

Health: 0/18       AC:  2    Str: 13    XL:     3   Next: 75%
Magic:  4/4        EV:  4    Int: 15    God:
Gold:   162        SH:  0    Dex: 20    Spells: 2/2 levels left

rFire   . . .        a - +0 shortbow
rCold   + . .        (shield currently unavailable)
rNeg    . . .        c - +0 robe
rPois   +            (helmet restricted)
rElec   .            (no cloak)
rCorr   .            (gloves unavailable)
SInv    +            (boots unavailable)
Will    .....        (no amulet)
Stlth   ++           i - ring of poison resistance
HPRegen 0.23/turn    e - ring of Greed {rC+ Str+6 Int+5}
MPRegen 0.09/turn

%: no passive effects
@: paralysed, very quick
A: very small, no large weapons, unfitting armour, see invisible, speed 3
a: no special abilities


You were on level 3 of the Dungeon.
You visited 1 branch of the dungeon, and saw 3 of its levels.

You collected 162 gold pieces.


Innate Abilities, Weirdness & Mutations

You are very small and have problems with some larger weapons.
You are too small for most types of armour.
You have supernaturally acute eyesight. (SInv)
You cover ground extremely quickly. (Speed+++)


   Skills:
 - Level 1.5 Fighting
 - Level 5.0 Ranged Weapons
 + Level 4.0 Dodging
 - Level 1.5 Stealth


You had 2 spell levels left.
You didn't know any spells.
Your spell library was empty.

Inventory:

Hand Weapons
 a - a +0 shortbow (weapon)
Armour
 c - a +0 robe (worn)
Jewellery
 e - the ring of Greed (right hand) {rC+ Str+6 Int+5}
   (You found it on level 2 of the Dungeon)

   [ring of strength]

   Str+6:     It affects your strength (+6).
   Int+5:     It affects your intelligence (+5).
   rC+:       It protects you from cold.
 i - a ring of poison resistance (left hand)
Scrolls
 b - a scroll of vulnerability {unknown}
Potions
 f - a potion of cancellation
 h - a potion of mutation
 k - a potion of curing {unknown}
 l - a potion of ambrosia {unknown}

Dungeon Overview and Level Annotations

Branches:
Dungeon (3/15)

Altars:

Annotations:
D:3 Grinder


Message History

Grinder hits you!
Ouch! That really hurt!
You writhe in agony.
You shoot an arrow. The arrow hits Grinder!
Grinder is severely wounded.
Grinder gestures at you. You resist with significant effort.
You shoot an arrow. The arrow hits Grinder!
Grinder is almost dead.
Grinder misses you.
You shoot an arrow. The arrow hits Grinder.
Grinder is almost dead.
Grinder barely misses you. Grinder misses you.
You shoot an arrow.
The arrow hits Grinder but does no damage.
Grinder is almost dead.
Grinder blinks!
You start resting.
Grinder is nearby!
You shoot an arrow. The arrow barely misses Grinder.
You shoot an arrow. The arrow hits Grinder.
Grinder is almost dead.
Grinder blinks!
You start resting.
Grinder is nearby!
You shoot an arrow. The arrow hits Grinder.
Grinder is almost dead.
You shoot an arrow. The arrow barely misses Grinder.
You shoot an arrow. The arrow closely misses Grinder.
Grinder misses you. Grinder gestures at you.
You struggle to resist.
You shoot an arrow. The arrow closely misses Grinder.
Grinder gestures at you.
You suddenly lose the ability to move!
Grinder gestures at you.
You shrug off the repeated paralysis!
Grinder hits you!
You writhe in agony.
You die...
Grinder sighs, "Dead already?
I want a refund."

...........#..#........#
........##.#..#.##.....#
...####.##.#..#.##.....#
.. #.##.#.......##### .
#.##.#...>...#
#.......#.##.####
###.#..##.......#
##..5.##.##.# ##.#@##.#
# #..#.##.. #.. .....#
#.##..!.. ... .##.... ##
#. ###### #


You could see Grinder.

Vanquished Creatures
  An adder (D:2)
  3 dart slugs
  4 ball pythons
  5 bats
  2 endoplasms
  2 giant cockroaches
  4 goblins
  5 hobgoblins
  3 kobolds
  2 quokkas (D:2)
  8 rats
39 creatures vanquished.

Notes
Turn   | Place    | Note
-------+----------+-------------------------------------------
     0 | D:1      | qw the Spriggan Hunter began the quest for the Orb.
     0 | D:1      | Reached XP level 1. HP: 10/10 MP: 2/2
     0 | D:1      | 0 ||| qw: Version: 0.3-a-155-g5e7d8dd
     0 | D:1      | 0 ||| qw: Game counter: 3342
     0 | D:1      | 0 ||| qw: Melee chars always use a shield: true
     0 | D:1      | 0 ||| qw: God list: Okawaru
     0 | D:1      | 0 ||| qw: Allow faded altars: false
     0 | D:1      | 0 ||| qw: Do Orc after clearing Dungeon:15 true
     0 | D:1      | 0 ||| qw: Do second Lair branch before Depths: true
     0 | D:1      | 0 ||| qw: Lair rune preference: random
     0 | D:1      | 0 ||| qw: Goals: Normal
     0 | D:1      | 0 ||| PLANNING D:1-11
   146 | D:1      | Reached skill level 3 in Dodging
   256 | D:1      | Reached XP level 2. HP: 14/14 MP: 3/3
   676 | D:1      | 676 ||| UPGRADING to ring of poison resistance.
   677 | D:1      | 677 ||| READING scroll labelled ALIFUV RUNN.
   677 | D:1      | 677 ||| IDENTIFYING green potion
   678 | D:1      | 678 ||| READING scroll labelled PIRRU SIPNO.
   679 | D:1      | 679 ||| READING scroll labelled TASI MAMUL YGE.
   703 | D:1      | 703 ||| READING scroll labelled JYEMAZ KEATE.
   704 | D:1      | 704 ||| DRINKING 2 fuming red potions.
   723 | D:1      | 723 ||| DROPPING scroll of butterflies.
   724 | D:1      | 724 ||| DROPPING potion of lignification.
   765 | D:2      | Found a faded altar of an unknown god.
   793 | D:2      | HP: 1/14 [dart slug/slug dart (5)]
   829 | D:2      | 829 ||| FLEEEEING.
   830 | D:2      | 830 ||| FLEEEEING.
   831 | D:2      | 831 ||| FLEEEEING.
   832 | D:2      | 832 ||| FLEEEEING.
   833 | D:2      | 833 ||| FLEEEEING.
   834 | D:2      | 834 ||| FLEEEEING.
   835 | D:2      | 835 ||| FLEEEEING.
   837 | D:2      | 837 ||| FLEEEEING.
   838 | D:2      | 838 ||| FLEEEEING.
   839 | D:2      | 839 ||| FLEEEEING.
   840 | D:2      | 840 ||| FLEEEEING.
   841 | D:2      | 841 ||| FLEEEEING.
   842 | D:2      | 842 ||| FLEEEEING.
   846 | D:2      | 846 ||| FLEEEEING.
   847 | D:2      | 847 ||| FLEEEEING.
   848 | D:2      | 848 ||| STAIRDANCE
   923 | D:2      | Reached XP level 3. HP: 18/18 MP: 4/4
  1120 | D:2      | Identified the +9 mace of Datuteg {speed, rF- rN+ Dex+2}
  1233 | D:2      | Identified the ring of Greed {rC+ Str+6 Int+5}
  1416 | D:2      | 1416 ||| UPGRADING to ring of Greed {rC+ Str+6 Int+5}.
  1417 | D:2      | 1417 ||| READING scroll of identify.
  1417 | D:2      | 1417 ||| IDENTIFYING fizzy inky potion
  1418 | D:2      | 1418 ||| READING 2 scrolls labelled TUIMENTOTO.
  1419 | D:2      | 1419 ||| READING scroll labelled UFYMPY NUSOMOM.
  1420 | D:2      | 1420 ||| DROPPING scroll of noise.
  1438 | D:3      | 1438 ||| PLANNING SEWER
  1461 | D:3      | Reached skill level 5 in Ranged Weapons
  1461 | D:3      | Identified the +1 leather armour of Divine Compulsion {Harm
                  | rElec}
  1488 | D:3      | Noticed Grinder
  1505 | D:3      | HP: 4/18 [Grinder (3)]
  1520 | D:3      | Paralysed by Grinder for 3 turns
  1522 | D:3      | HP: 1/18 [Grinder (8)]
  1522 | D:3      | Slain by Grinder

Levels and vault maps discovered:
D:1:      lightli_iron_boxes, layout_loops_ring
D:2:      layout_loops_cross, shapermc_ecumenical_altar_venn,
          minmay_fractal_squares_5
D:3:      layout_loops_cross, nicolae_gozag_seed_capital,
          cheibrodos_sewer_entry_sluice, uniq_ijyb, uniq_grinder,
          uniq_crazy_yiuf_cottage

Skill      XL: |  1  2  3 |
---------------+----------+-----
Dodging        | 3 4 |  4.0
Ranged Weapons | 5 |  5.0
Fighting       | |  1.5
Stealth        | |  1.5

Action                     || total
---------------------------++-------
   Fire: Shortbow          ||   105
    Use: Scroll            ||     7
         Potion            ||     1
 Armour: Robe              ||     9
  Dodge: Dodged            ||    39

Table legend:
 A = Non-vault XP
 B = Vault XP
 C = Vault XP percentage of total XP
 D = Non-vault monster count
 E = Vault monster count
 F = Vault count percentage of total count
                 A         B        C        D         E       F
            +---------+---------+-------+---------+---------+-------
      Total |      64 |      19 |  22.9 |      35 |       4 |  10.3
            +---------+---------+-------+---------+---------+-------
        D:1 |      29 |       0 |   0.0 |      16 |       0 |   0.0
        D:2 |      29 |      19 |  39.6 |      17 |       4 |  19.0
        D:3 |       6 |       0 |   0.0 |       2 |       0 |   0.0
            +---------+---------+-------+---------+---------+-------
